AoeStats
← Iamak3186

Arabia

504836276Analyzed
1v1 RM · 26d ago on Sep 6, 2026· 31m 41s· 2 players
Game mode
Random Map
Map size
Tiny (2 player)
Population
200
Speed
Normal
Resources
Standard
Victory
Conquest
Starting age
Dark Age
Ending age
Imperial Age
RankedLock teamsTeams togetherTeam positionsShared explorationLock speedFull tech treeHidden civsTurbo modeCheats
Victory
Defeat
🇬🇧 Saracens · United Kingdom
1179
+17
🇮🇳 Mongols · India
1203
-17
jord7671
7:45 Loom
11:31 Feudal Age
15:03 Double-Bit Axe
17:42 Fletching
21:04 Padded Archer Armor
24:14 Castle Age
22:37 Horse Collar
25:16 Wheelbarrow
24:27 Crossbowman
25:10 Bodkin Arrow
26:16 Bow Saw
27:13 Scale Barding Armor
27:18 Forging
27:57 Bloodlines
27:47 Husbandry
29:55 Husbandry
31:04 Chain Barding Armor
32:36 Hand Cart
Iamak3186
8:07 Feudal Age
8:14 Loom
8:42 Double-Bit Axe
12:44 Horse Collar
20:34 Castle Age
19:46 Padded Archer Armor
20:42 Fletching
20:52 Elite Skirmisher
23:53 Leather Archer Armor
25:41 Town Watch
28:45 Bow Saw
30:30 Bodkin Arrow
Connection lost

Rejoining the realm…

Still unreachable

The connection could not be restored.

Session expired

The server has moved on; the page needs a fresh start.